 Dungeon Crawl Stone Soup version 0.32-a0-571-gec57dfcd37 (webtiles) character file.

Game seed: 8721574970831262749

466 cforsyth the Grave Robber (level 6, 0/84 HPs)
             Began as a Mountain Dwarf Necromancer on Feb 29, 2024.
             Slain by Grinder (2 damage)
             ... on level 3 of the Dungeon.
             The game lasted 00:11:05 (4786 turns).

cforsyth the Grave Robber (MDNe)                    Turns: 4786, Time: 00:11:06

Health: 0/84       AC:  8    Str: 12    XL:     6   Next: 81%
Magic:  3/8        EV:  8    Int: 16    God:
Gold:   262        SH:  0    Dex: 10    Spells: 7/8 levels left

rFire   . . .        a - staff of death {!a}
rCold   . . .        (no shield)
rNeg    + . .        r - +0 scale mail
rPois   +            d - +1 helmet
rElec   .            (no cloak)
rCorr   .            (no gloves)
SInv    .            (no boots)
Will    .....        (no amulet) Stlth
                     P - ring of poison resistance
HPRegen 0.34/turn    (no ring)
MPRegen 0.11/turn

%: no passive effects
@: berserking, attractive, very quick
A: runic magic, artefact enchanting
a: no special abilities


You were on level 3 of the Dungeon.
You visited 1 branch of the dungeon, and saw 5 of its levels.

You collected 262 gold pieces.


Innate Abilities, Weirdness & Mutations

Your spellcasting is much less encumbered by armour.
You can use scrolls of enchantment on lesser artefacts.


   Skills:
 + Level 5.3 Fighting
 - Level 1.3 Dodging
 - Level 1.4 Stealth
 - Level 1.7 Spellcasting
 + Level 7.1 Necromancy


You had 7 spell levels left.
You knew the following spells:

 Your Spells              Type           Power      Damage    Failure   Level
X - Necrotise             Necr           100%       1d9       1%          1

Your spell library contained the following spells:

 Spells                   Type           Power      Damage    Failure   Level
 Vampiric Draining        Necr           36%        2d8       4%          3
 Animate Dead             Necr           36%        N/A       17%         4
 Shock                    Conj/Air       4%         1d3       32%         1
 Curse of Agony           Necr           36%        N/A       43%         5
 Swiftness                Air            1%         N/A       67%         3
 Airstrike                Air            0%         2d(1-17)  97%         4

Inventory:

Hand Weapons
 e - a +0 club
Armour
 d - a +1 helmet (worn)
 g - a +0 robe
 r - a +0 scale mail (worn)
Magical Staves
 a - a staff of death (weapon) {!a}
Jewellery
 P - a ring of poison resistance (left hand)
Scrolls
 c - a scroll of silence {unknown}
 f - a scroll of blinking {unknown}
 h - a scroll of poison {unknown}
 i - 3 scrolls of teleportation {@r2}
 k - a scroll of brand weapon {unknown}
Potions
 b - a potion of magic
 j - a potion of haste {@q3}
 l - 2 potions of enlightenment
 n - a potion of cancellation {unknown}

Dungeon Overview and Level Annotations

Branches:
Dungeon (5/15)
 Temple: D:4-7

Altars:
Gozag

Annotations:
D:3 Grinder
D:4 Blork the orc
D:5 Dowan, Duvessa

#.........#
#.........####
#............#
#.........##.# #####
#.........##.# ....#
########.###.# ....#
#......#.# #.#
....#####......#)# #.#
...............5@###.###
....#####......#)).....#
..).# #......#.......#
....# ########......^#
...># #.......# ....#
#...[...# ....#
#######.......# #####
#...........### #
#.#####.############


You could see Grinder.


Message History

Press: ? - help, Shift-Dir - straight line, f/p - Grinder
Aim: Grinder (heavily wounded, chance to affect: 49%) Grinder suddenly stops moving!
The now-empty wand crumbles to dust.
The helpless Grinder fails to defend herself.
You hit Grinder.
Grinder is heavily wounded.
The helpless Grinder fails to defend herself.
You hit Grinder but do no damage.
Grinder is heavily wounded.
The helpless Grinder fails to defend herself.
You hit Grinder.
Grinder is heavily wounded.
The helpless Grinder fails to defend herself.
You hit Grinder but do no damage.
Grinder is heavily wounded.
Grinder is no longer paralysed.
Grinder closely misses you.
You hit Grinder but do no damage.
Grinder is heavily wounded.
Grinder hits you.
* * * LOW HITPOINT WARNING * * *
Grinder closely misses you.
It was a potion of attraction.
You feel attractive to monsters. Grinder hits you!
* * * LOW HITPOINT WARNING * * *
It was a potion of berserk rage.
A red film seems to cover your vision as you go berserk!
You feel yourself moving faster!
You feel mighty! Grinder hits you.
You die...
Grinder says, "Hey, I wasn't done torturing you yet!"

Skill      XL: |  1  2  3  4  5  6 |
---------------+-------------------+-----
Fighting       | 1 2 3 4 5 |  5.3
Necromancy     | 5 6 7 |  7.1
Dodging        | |  1.3
Stealth        | |  1.4
Spellcasting   | |  1.7

Action                     |  1- 3 |  4- 6 || total
---------------------------+-------+-------++-------
  Melee: Club              |     6 |       ||     6
         Staff             |    17 |    80 ||    97
   Cast: Necrotise         |    46 |   115 ||   161
  Evoke: Wand              |       |     8 ||     8
    Use: Scroll            |       |     6 ||     6
         Potion            |       |     4 ||     4
   Stab: Paralysed         |       |    23 ||    23
 Armour: Robe              |    20 |     7 ||    27
         Skin              |       |   101 ||   101
         Scale mail        |       |   128 ||   128
  Dodge: Dodged            |    14 |    77 ||    91

Levels and vault maps discovered:
D:1:      minmay_arrival_cross, layout_rooms, serial_bayou_pond_a,
          minmay_tetromino_t4
D:2:      layout_loops_ring, hellmonk_ecumenical_altar_crossroads
D:3:      layout_basic, uniq_jessica
D:4:      layout_cave_pools, mainiacjoe_overflow_brackets, uniq_grinder,
          uniq_blork_the_orc, uniq_robin
D:5:      layout_cave_pods, kennysheep_ying_yang, nemelex_spade_bored_becter,
          minmay_temple_entry_junction_2, uniq_eustachio, uniq_duvessa

Notes
Turn   | Place    | Note
-------+----------+-------------------------------------------
     0 | D:1      | cforsyth the Mountain Dwarf Necromancer began the quest for
                  | the Orb.
     0 | D:1      | Reached XP level 1. HP: 14/14 MP: 3/3
    96 | D:1      | You fall into a shaft and drop 1 floor!
   176 | D:2      | Reached skill level 1 in Fighting
   229 | D:2      | Noticed a bombardier beetle
   238 | D:1      | Reached XP level 2. HP: 18/23 MP: 0/4
   690 | D:1      | Reached skill level 5 in Necromancy
   817 | D:2      | Found a faded altar of an unknown god.
   820 | D:2      | Reached skill level 2 in Fighting
   820 | D:2      | Reached XP level 3. HP: 28/29 MP: 3/5
   844 | D:2      | Upgraded the game from 0.32-a0-560-g4c7f4391e0 to
                  | 0.32-a0-571-gec57dfcd37
  1268 | D:2      | Reached XP level 4. HP: 37/37 MP: 2/6
  1862 | D:3      | Reached skill level 3 in Fighting
  1901 | D:3      | Noticed Jessica
  1903 | D:3      | Killed Jessica
  2269 | D:3      | Reached XP level 5. HP: 45/45 MP: 5/7
  2950 | D:4      | Noticed Grinder
  2989 | D:4      | Noticed Robin
  3139 | D:3      | Reached skill level 6 in Necromancy
  3266 | D:3      | Reached skill level 4 in Fighting
  3348 | D:4      | Noticed Blork the orc
  3351 | D:4      | Killed Robin
  3747 | D:4      | Reached XP level 6. HP: 53/53 MP: 1/8
  4420 | D:4      | Reached skill level 5 in Fighting
  4425 | D:4      | Reached skill level 7 in Necromancy
  4593 | D:4      | Found an opulent altar of Gozag.
  4626 | D:5      | Entered Level 5 of the Dungeon
  4626 | D:5      | Noticed Dowan
  4627 | D:5      | Noticed Duvessa
  4737 | D:4      | Paralysed by Grinder for 2 turns
  4756 | D:4      | Paralysed by Grinder for 3 turns
  4773 | D:4      | Paralysed by Grinder for 2 turns
  4777 | D:3      | Paralysed by Grinder for 2 turns
  4785 | D:3      | HP: 1/56 [Grinder (8)]
  4786 | D:3      | Slain by Grinder

Vanquished Creatures
  A howler monkey (D:4)
  2 bombardier beetles
  3 orc priests (D:4)
  3 hounds (D:3)
  Jessica (D:3)
  An iguana (D:4)
  Robin (D:4)
  3 adders
  A dart slug (D:1)
  2 ribbon worms
  An orc (D:4)
  3 ball pythons
  9 endoplasms
  A giant cockroach (D:3)
  14 goblins
  13 hobgoblins
  7 jackals
  2 quokkas (D:3)
  6 bats
  2 frilled lizards
  8 kobolds
  2 rats (D:2)
86 creatures vanquished.

Vanquished Creatures (collateral kills)
  3 endoplasms
  3 goblins
  A hobgoblin (D:3)
  A frilled lizard (D:2)
  2 rats
10 creatures vanquished.

Grand Total: 96 creatures vanquished

Table legend: (Time is in decaauts)
 A = Elapsed time spent in this place.
 B = Non-inter-level travel time spent in this place.
 C = Inter-level travel time spent in this place.
 D = Time resting spent in this place.
 E = Time spent auto-exploring this place.
 F = Levels seen in this place.
 G = Mean time per level.
                   A        B        C        D        E       F      G
               +--------+--------+--------+--------+--------+-----+--------+
         Total |   4817 |   4641 |    176 |    975 |   2770 |   5 |  963.4 |
       Dungeon |   4817 |   4641 |    176 |    975 |   2770 |   5 |  963.4 |
               +--------+--------+--------+--------+--------+-----+--------+

Top non-repeatable levels by time:
     D:3: 2023 daAuts
     D:2: 1171 daAuts
     D:4: 876 daAuts
     D:1: 743 daAuts
     D:5: 1 daAuts

Table legend:
 A = Non-vault XP
 B = Vault XP
 C = Vault XP percentage of total XP
 D = Non-vault monster count
 E = Vault monster count
 F = Vault count percentage of total count
                 A         B        C        D         E       F
            +---------+---------+-------+---------+---------+-------
      Total |     587 |      80 |  12.0 |      80 |      16 |  16.7
            +---------+---------+-------+---------+---------+-------
        D:1 |      26 |       8 |  23.5 |      15 |       4 |  21.1
        D:2 |      82 |       0 |   0.0 |      22 |       0 |   0.0
        D:3 |     181 |      55 |  23.3 |      24 |      10 |  29.4
        D:4 |     298 |      17 |   5.4 |      19 |       2 |   9.5
            +---------+---------+-------+---------+---------+-------
